Map: Dusk Towers

Players

hunterxx - Winner!

  • Race: Zerg Zerg
  • League: Master

ILLBdA

  • Race: Protoss Protoss
  • League: Diamond

VOD

Have the link to the VOD?

Description

Time

  • Played on: Dec. 14, 2015, 9:01 a.m.
  • Length: 8:57
Show
View Real Time Build Order
Export as new Build Order

hunterxx Zerg - Winner!

Build Orders: Hatch First 

Get SALT Encoding   

  12  0:01  Drone  
  13  0:12  Overlord  
  13  0:17  Drone  
  14  0:31  Drone x2  
  14  0:34  Drone  
  17  0:54  Hatchery  
  17  0:57  Drone  
  17  1:10  Spawning Pool  
  16  1:12  Drone  
  16  1:14  Extractor  
  16  1:18  Drone  
  17  1:20  Drone  
  18  1:28  Drone  
  19  1:38  Overlord  
  19  1:51  Drone  
  20  1:57  Queen  
  20  2:00  Zergling x2  
  23  2:05  Queen  
  23  2:07  Drone  
  26  2:11  Drone  
  27  2:24  Hatchery  
  27  2:28  Metabolic Boost  
  26  2:34  Drone x2  
  28  2:38  Drone  
  28  2:43  Overlord  
  29  2:46  Drone  
  29  2:48  Drone  
  32  2:51  Drone  
  32  2:57  Drone  
  32  3:01  Drone  
  33  3:08  Drone x4  
  33  3:10  Overlord  
  37  3:16  Drone x3  
  40  3:24  Overlord  
  40  3:25  Drone  
  41  3:29  Extractor  
  41  3:33  Extractor  
  40  3:34  Drone  
  40  3:38  Roach Warren  
  40  3:39  Drone x2  
  40  3:40  Evolution Chamber, Drone  
  41  3:44  Lair  
  41  3:47  Drone  
  41  3:48  Drone  
  43  3:54  Drone x3  
  43  3:55  Drone  
  47  4:01  Zergling x2  
  48  4:06  Zerg Missile Weapons Level 1  
  48  4:11  Queen  
  48  4:12  Drone x3  
  48  4:15  Overlord  
  53  4:19  Drone x3  
  53  4:22  Drone  
  57  4:28  Overlord  
  57  4:29  Roach x2  
  61  4:31  Roach  
  63  4:41  Drone x4  
  63  4:42  Overlord x2  
  63  4:45  Roach  
  69  4:58  Roach x2  
  73  5:03  Overlord  
  73  5:04  Glial Reconstitution  
  73  5:05  Roach  
  73  5:06  Roach x3  
  81  5:10  Roach x2  
  83  5:15  Drone  
  83  5:18  Overlord  
  83  5:19  Roach  
  86  5:25  Overlord  
  86  5:27  Roach x4  
  94  5:30  Roach  
  96  5:39  Overlord  
  96  5:43  Roach  
  96  5:44  Roach x6  
  110  5:50  Roach  
  110  5:52  Overlord  
  110  5:53  Roach  
  114  5:57  Overlord  
  114  5:58  Roach x3  
  114  6:01  Overlord  
  114  6:03  Roach  
  122  6:05  Overlord  
  122  6:09  Extractor  
  121  6:11  Overlord  
  121  6:17  Roach x4  
  121  6:18  Roach x2  
  132  6:23  Roach x2  
  136  6:26  Overlord  
  136  6:27  Roach  
  136  6:28  Roach  
  140  6:47  Extractor  
  140  6:48  Spire  
  140  6:52  Drone x3  
  140  6:53  Extractor  
  140  6:54  Hatchery  
  119  7:23  Roach x11  
  119  7:24  Roach  
  119  7:26  Hatchery  
  119  7:28  Roach x2  
  119  7:29  Roach  
  124  7:58  Zergling x10  
  121  8:04  Mutalisk x5  
  135  8:18  Mutalisk x2, Roach  
  141  8:20  Zergling x4  
  141  8:21  Zergling x2  
  144  8:28  Mutalisk  
  144  8:42  Drone x3  
  157  8:55  Extractor  
Show
View Real Time Build Order
Export as new Build Order

ILLBdA Protoss 

Build Orders: 1 Gate Expand 

Get SALT Encoding   

  12  0:00  Probe (Chrono Boost)  
  13  0:11  Probe (Chrono Boost)  
  14  0:18  Pylon  
  14  0:22  Probe (Chrono Boost)  
  15  0:37  Probe (Chrono Boost)  
  15  0:38  Gateway  
  16  0:47  Probe (Chrono Boost)  
  17  0:58  Probe (Chrono Boost)  
  18  1:08  Probe (Chrono Boost)  
  19  1:16  Nexus  
  19  1:19  Probe (Chrono Boost)  
  20  1:27  Cybernetics Core  
  20  1:31  Assimilator  
  20  1:36  Assimilator  
  20  1:38  Probe (Chrono Boost)  
  21  1:48  Probe (Chrono Boost)  
  21  1:51  Pylon  
  22  2:00  Probe (Chrono Boost)  
  23  2:09  Adept (Chrono Boost)  
  23  2:12  Warp Gate  
  23  2:13  Probe  
  26  2:25  Gateway  
  26  2:26  Gateway  
  26  2:27  Mothership Core (Chrono Boost)  
  26  2:34  Probe  
  29  2:46  Probe (Chrono Boost)  
  29  2:49  Probe (Chrono Boost)  
  31  2:53  Robotics Facility  
  31  2:57  Probe (Chrono Boost)  
  32  3:11  Sentry  
  34  3:16  Probe (Chrono Boost), Pylon  
  35  3:29  Probe (Chrono Boost)  
  35  3:30  Probe (Chrono Boost)  
  37  3:39  Probe (Chrono Boost)  
  38  3:42  Warp Prism (Chrono Boost)  
  38  3:44  Twilight Council  
  38  3:46  Probe  
  41  3:51  Probe  
  42  3:59  Pylon  
  42  4:00  Probe, Gateway  
  43  4:03  Probe  
  43  4:04  Gateway  
  44  4:11  Probe  
  45  4:18  Adept x3  
  51  4:25  Probe, Charge (Chrono Boost)  
  51  4:38  Immortal  
  51  4:40  Zealot  
  51  4:42  Zealot  
  59  5:00  Pylon  
  59  5:02  Pylon  
  55  5:18  Immortal (Chrono Boost)  
  55  5:19  Zealot  
  55  5:21  Zealot x3  
  63  5:26  Pylon  
  67  5:32  Pylon  
  67  5:48  Zealot x2  
  67  5:49  Zealot x3  
  77  5:56  Immortal (Chrono Boost)  
  81  6:03  Pylon  
  81  6:04  Pylon  
  81  6:16  Pylon  
  81  6:21  Zealot x3  
  81  6:22  Zealot x2  
  91  6:30  Observer (Chrono Boost)  
  82  6:42  Zealot x5  
  92  6:49  Immortal (Chrono Boost)  
  94  7:01  Sentry  
  94  7:02  Sentry x2  
  94  7:06  Sentry  
  92  7:28  Observer (Chrono Boost)  
  85  7:34  Zealot x5  
  85  7:55  Immortal (Chrono Boost)  
  87  8:07  Zealot x4  
  87  8:08  Zealot  
  89  8:24  Probe  
  88  8:36  Nexus  
  88  8:41  Robotics Facility  
  90  8:44  Assimilator  
  90  8:45  Sentry  
  90  8:47  Zealot x3  
  98  8:48  Assimilator  
  98  8:54  Pylon  
  100  8:56  Pylon  
Tags
 
Add a new tag
Caveats
  • Supply blocks, unpowered buildings, or Contaminate may cause inaccurate times.
  • Supply counts are checked every 10 seconds.